 Dungeon Crawl Stone Soup version 0.21.1-1-g345015f (webtiles) character file.

185 Melicamp the Cudgeler (level 5, -9/50 HPs)
             Began as a Troll Monk on Mar 21, 2018.
             Mangled by Baghtru's ghost (14 damage)
             ... on level 4 of the Dungeon.
             The game lasted 00:19:40 (2206 turns).

Melicamp the Cudgeler (Troll Monk)                  Turns: 2206, Time: 00:19:41

Health: -9/50      AC:  5    Str: 20    XL:     5   Next: 37%
Magic:  4/4        EV: 10    Int:  6    God:
Gold:   137        SH:  0    Dex: 12    Spells: 4/4 levels left

rFire    . . .     SeeInvis .   g - +0 whip (elec)
rCold    . . .     Gourm    +   (no shield)
rNeg     . . .     Faith    .   q - +0 robe
rPois    .         Spirit   .   (helmet restricted)
rElec    .         Reflect  .   (no cloak)
rCorr    .         Harm     .   (gloves unavailable)
MR       .....                  (boots unavailable)
Stlth    ++........             (no amulet)
HPRegen  0.56/turn              (no ring)
MPRegen  0.09/turn              (no ring)

@: no status effects
A: large, unfitting armour, claws 3, fast metabolism 3, gourmand, regeneration
1, shaggy fur 1, tough skin 2
a: no special abilities


You were on level 4 of the Dungeon.
You were completely stuffed.

You visited 1 branch of the dungeon, and saw 4 of its levels.

You collected 137 gold pieces.

Inventory:

Hand Weapons
 g - a +0 whip of electrocution (weapon)
Missiles
 d - 59 stones (quivered)
Armour
 q - a +0 robe (worn)
Jewellery
 o - an uncursed amulet of rage {unknown}
Wands
 s - a wand of iceblast (8)
Scrolls
 a - a scroll of amnesia {unknown}
 c - 4 scrolls of remove curse {unknown}
 e - 7 scrolls of identify {unknown}
 k - a scroll of immolation {unknown}
 l - 2 scrolls of fog {unknown}
 m - a scroll of teleportation {unknown}
 n - 2 scrolls of magic mapping {unknown}
 r - a scroll of enchant armour {unknown}
Potions
 f - 2 potions of haste {unknown}
 h - 2 potions of curing {unknown}
 i - 2 potions of might {unknown}
 j - a potion of ambrosia {unknown}
 p - a potion of heal wounds {unknown}
Comestibles
 b - 5 rations


   Skills:
 - Level 2.4 Fighting
 * Level 4.1 Maces & Flails
 - Level 2.4 Dodging
 - Level 1.0 Stealth
 - Level 3.8 Unarmed Combat


You had 4 spell levels left.
You didn't know any spells.

Dungeon Overview and Level Annotations

Branches:
Dungeon (4/15)
 Temple: D:4-7

Altars:
Makhleb
Sif Muna
Vehumet
Zin

Annotations:
D:4 Baghtru's ghost, amateur MiFi


Innate Abilities, Weirdness & Mutations

You are too large for most types of armour.
You have claws for hands.
Your metabolism is lightning-fast.
You like to eat raw meat.
Your natural rate of healing is unusually fast.
You are covered in fur. (AC +1)
You have very tough skin. (AC +2)


Message History

You hit the orc wizard.
Lightning courses through the orc wizard!
You kill the orc wizard!
Your Maces & Flails skill increases to level 4!
Baghtru's ghost barely misses you. The orc closely misses you.
The orc hits you but does no damage.
Baghtru's ghost says, "Are you willing to die fighting?
I was!"
The orc closely misses you.
Things that are here:
a dagger; a robe; an orc corpse The orc barely misses you.
You closely miss the orc.
The orc is almost dead.
Baghtru's ghost hits you.
* * * LOW HITPOINT WARNING * * *
The orc completely misses you.
There is a stone staircase leading up here.
The orc hits you but does no damage. The orc misses you.
Baghtru's ghost hits you!
You die...

#########
#.......#
#)♣.♣.♣.#
#oW.....#
#@o.....+
#.......#
#.♣.♣.♣.#
#.......#
#########


You could see Baghtru's ghost and 2 orcs.

Vanquished Creatures
  2 orc wizards
  Terence (D:3)
  4 adders
  An ooze (D:3)
  4 worms
  2 leopard geckos
  3 orcs
  5 giant cockroaches
  4 goblins
  2 hobgoblins
  4 jackals (D:1)
  9 kobolds
  6 bats
  2 frilled lizards
  17 rats
66 creatures vanquished.

Notes
Turn   | Place    | Note
-------+----------+-------------------------------------------
     0 | D:1      | Melicamp the Troll Monk began the quest for the Orb.
     0 | D:1      | Reached XP level 1. HP: 22/22 MP: 0/0
    74 | D:1      | Reached XP level 2. HP: 29/29 MP: 1/1
   376 | D:1      | Reached skill level 1 in Maces & Flails
   587 | D:1      | Reached XP level 3. HP: 36/36 MP: 2/2
   941 | D:2      | Found a radiant altar of Vehumet.
  1076 | D:2      | Reached skill level 2 in Maces & Flails
  1130 | D:2      | Found a burning altar of Makhleb.
  1199 | D:2      | Found a deep blue altar of Sif Muna.
  1476 | D:3      | Reached XP level 4. HP: 40/44 MP: 3/3
  1641 | D:3      | Reached skill level 3 in Maces & Flails
  1875 | D:3      | Noticed Terence
  1882 | D:3      | Killed Terence
  1882 | D:3      | Reached XP level 5. HP: 33/50 MP: 4/4
  2069 | D:3      | Found a burning altar of Makhleb.
  2071 | D:3      | Found a glowing silver altar of Zin.
  2071 | D:3      | Noticed an angel
  2071 | D:3      | Noticed a balrug
  2189 | D:4      | Noticed Baghtru's ghost (amateur MiFi)
  2195 | D:4      | HP: 1/50 [Baghtru's ghost (11)]
  2199 | D:4      | Reached skill level 4 in Maces & Flails
  2206 | D:4      | Mangled by Baghtru's ghost

Skill      XL: |  1  2  3  4  5 |
---------------+----------------+-----
Maces & Flails | 1 2 3 4 |  4.1
Fighting       | |  2.4
Dodging        | |  2.4
Stealth        | |  1.0
Unarmed Combat | |  3.8

Action                   |  1- 3 |  4- 6 || total
-------------------------+-------+-------++-------
Melee: Unarmed           |    43 |       ||    43
       Whip              |   107 |    74 ||   181
       Punch             |     2 |       ||     2
Throw: Stone             |     3 |     3 ||     6
 Stab: Sleeping          |     2 |       ||     2
  Eat: Chunk             |    19 |     7 ||    26
Armor: Robe              |    55 |    24 ||    79
Dodge: Dodged            |    70 |    50 ||   120
